 Dungeon Crawl Stone Soup version 0.23.0 (webtiles) character file.

Game seed: 9935507073873683336

67121 Vesto the Warrior (level 14, -1/135 HPs)
             Began as a Minotaur Fighter on Feb 9, 2019.
             Was a High Priest of Okawaru.
             Succumbed to barbed spike wounds
             ... on level 6 of the Lair of Beasts.
             The game lasted 00:44:00 (15037 turns).

Vesto the Warrior (Minotaur Fighter)               Turns: 15037, Time: 00:44:01

Health: -1/135     AC: 19    Str: 29    XL:     14   Next: 81%
Magic:  20/20      EV: 16    Int:  7    God:    Okawaru [*****.]
Gold:   890        SH:  8    Dex: 10    Spells: 21/23 levels left

rFire    . . .     SeeInvis .   b - +2 scimitar (flame)
rCold    . . .     Gourm    .   c - +2 buckler {rPois}
rNeg     . . .     Faith    .   d - +0 steam dragon scales
rPois    +         Spirit   .   G - +2 hat {MR+}
rElec    .         Reflect  .   p - +1 cloak
rCorr    +         Harm     .   A - +1 pair of gloves
MR       ++...                  o - +2 pair of boots
Stlth    +++.......             (no amulet)
HPRegen  0.32/turn              D - ring of wizardry
MPRegen  0.17/turn              g - ring of resist corrosion

@: mighty, heroism, barbed spikes
A: retaliatory headbutt, horns 2
a: Heroism, Finesse, Renounce Religion


You were on level 6 of the Lair of Beasts.
You worshipped Okawaru.
Okawaru was extremely pleased with you.
You were very hungry.

You visited 3 branches of the dungeon, and saw 16 of its levels.
You also visited: Sewer, Bailey and Gauntlet.

You collected 1079 gold pieces.
You spent 189 gold pieces at shops.

Inventory:

Hand Weapons
 a - a +2 long sword of venom
 b - a +2 scimitar of flaming (weapon)
 h - a +0 great sword
 u - the +7 dire flail "Ykilul" {antimagic, rF+}
   (You took it off a two-headed ogre on level 7 of the Dungeon)

   It reduces the magical energy of the wielder, and disrupts the spells and
   magical abilities of those hit.
   Natural abilities and divine invocations are not affected.
   It protects you from fire.
 C - the cursed +13 scythe of Curses {drain, *Curse}
   (You took it off a minotaur in a Gauntlet)

   A truly terrible weapon, it drains the life of those it strikes.
   It curses itself when equipped.
   It has a curse placed upon it.
 E - a +6 antimagic scimitar
 H - a +2 double sword of slicing
Missiles
 z - 40 tomahawks of returning (quivered)
Armour
 c - a +2 buckler of poison resistance (worn)
 d - +0 steam dragon scales (worn)
 o - a +2 pair of boots (worn)
 p - a +1 cloak (worn)
 A - a +1 pair of gloves (worn)
 G - a +2 hat of magic resistance (worn)
Jewellery
 g - a ring of resist corrosion (right hand)
 D - a ring of wizardry (left hand)
Wands
 k - a wand of acid (16)
 m - a wand of iceblast (19)
 q - a wand of paralysis (6)
 w - a wand of disintegration (11)
 x - a wand of polymorph (8)
 y - a wand of clouds (5)
 F - a wand of digging (10)
 L - a wand of flame (27)
 O - a wand of enslavement (8)
Scrolls
 e - 9 scrolls of teleportation
 i - 5 scrolls of identify
 l - 6 scrolls of remove curse
 s - 2 scrolls of amnesia
 I - a scroll of fog
 J - 2 scrolls of magic mapping
 M - a scroll of enchant armour
 N - a scroll of blinking
 P - a scroll of enchant weapon
Potions
 j - 2 potions of magic
 n - 3 potions of curing
 t - a potion of agility
Miscellaneous
 v - a lamp of fire
 B - a crystal ball of energy
 K - a phantom mirror
Comestibles
 f - 38 rations


   Skills:
 * Level 15.0(20.0) Fighting
 * Level 14.7(19.7) Long Blades
 - Level 8.0(13.0) Maces & Flails
 - Level 3.3(8.3) Throwing
 + Level 11.4(16.4) Armour
 - Level 4.0(9.0) Dodging
 - Level 4.0(9.0) Shields
 - Level 5.0 Spellcasting
   Level 3.8 Hexes
 - Level 2.0 Translocations
 + Level 8.5 Invocations
 + Level 6.2 Evocations


You had 21 spell levels left.
You knew the following spells:

 Your Spells              Type           Power        Failure   Level  Hunger
a - Blink                 Tloc           N/A          8%          2    ###....

Your spell library contained the following spells:

 Spells                   Type           Power        Failure   Level  Hunger
 Confusing Touch          Hex            #.....       2%          1    #......
 Corona                   Hex            #......      2%          1    #......
 Slow                     Hex            #.......     3%          2    ###....
 Confuse                  Hex            #.......     8%          3    ###....
 Portal Projectile        Hex/Tloc       #.....       11%         3    ###....
 Freeze                   Ice            #...         12%         1    #......
 Magic Dart               Conj           #...         12%         1    #......
 Summon Small Mammal      Summ           #...         12%         1    #......
 Call Imp                 Summ           #.......     16%         2    ###....
 Throw Frost              Conj/Ice       #.....       16%         2    ###....
 Gell's Gravitas          Tloc           #.........   16%         3    ###....
 Inner Flame              Hex/Fire       #.......     16%         3    ###....
 Summon Guardian Golem    Hex/Summ       #.......     16%         3    ###....
 Cause Fear               Hex            #.........   24%         4    #####..
 Call Canine Familiar     Summ           #.......     32%         3    ###....
 Conjure Flame            Conj/Fire      #.......     32%         3    ###....
 Mephitic Cloud           Conj/Pois/Air  #.......     32%         3    ###....
 Ozocubu's Armour         Chrm/Ice       #.......     32%         3    ###....
 Leda's Liquefaction      Hex/Erth       #.........   45%         4    #####..
 Petrify                  Tmut/Erth      #.......     69%         4    #####..
 Summon Ice Beast         Ice/Summ       #.......     69%         4    #####..
 Summon Lightning Spire   Summ/Air       #.......     69%         4    #####..
 Throw Icicle             Conj/Ice       #.......     69%         4    #####..
 Metabolic Englaciation   Hex/Ice        #.........   78%         5    ######.
 Yara's Violent Unravell  Hex/Tmut       #.........   78%         5    ######.


Dungeon Overview and Level Annotations

Branches:
Dungeon (9/15)             Temple (1/1) D:5            Lair (6/6) D:8
  Swamp (0/4) Lair:4       Spider (0/4) Lair:4        Slime (0/5) Lair:5
    Orc: D:9-12

Altars:
Ashenzari
Cheibriados
Dithmenos
Elyvilon
Fedhas
Gozag
Hepliaklqana
Kikubaaqudgha
Makhleb
Nemelex Xobeh
Okawaru
Qazlal
Ru
Sif Muna
Trog
Uskayaw
Vehumet
Wu Jian
Xom
Yredelemnul
Zin
The Shining One
Jiyva

Shops:
D:6 [


Innate Abilities, Weirdness & Mutations

You reflexively headbutt those who attack you in melee.
You have a pair of horns on your head.


Message History

The manticore misses you. You furiously retaliate!
You headbutt the manticore! The manticore claws you.
* * * LOW HITPOINT WARNING * * *
You block the manticore's attack.
The barbs in your skin will harm you if you move.
Continue? [Y]es or [N]o only, please.
The barbs in your skin will harm you if you move.
Continue? [Y]es or [N]o only, please.
The barbs in your skin will harm you if you move.
Continue? [Y]es or [N]o only, please.
The barbs in your skin will harm you if you move.
Continue?
The barbed spikes dig painfully into your body as you move.
* * * LOW HITPOINT WARNING * * *
The barbed spikes dig painfully into your body as you move.
* * * LOW HITPOINT WARNING * * *
Your surroundings suddenly seem different.
The barbed spikes dig painfully into your body as you move.
* * * LOW HITPOINT WARNING * * *
The barbed spikes dig painfully into your body as you move.
You die...

#### ##
##.##.###### ###
....#.#..P.#.###@#
................##
.......#P##P#...#
.......### #..##
#...P#[#.## #...
#.........##...#
P...#†..........
...........#...
...............


There were no monsters in sight!

Vanquished Creatures
  Gastronok (D:8)
  An orc warlord (Bailey)
  A minotaur (Gauntlet)
  The ghost of martbhell the Fighter, a journeyman MiBe of Trog (Lair:5)
  4 hydras
  2 catoblepae (Lair:6)
  3 death yaks (Lair:6)
  A two-headed ogre (D:7)
  Urug (Lair:4)
  A spectral death yak (Lair:5)
  A death drake (Gauntlet)
  A spectral hydra (Lair:5)
  Pikel (D:6)
  An orc knight (Bailey)
  An oklob plant (Lair:4)
  A manticore (Lair:4)
  A slime creature (Gauntlet)
  13 elephants
  A spectral centaur (Gauntlet)
  4 black mambas
  The ghost of IsvaffelMax the Cutter, a novice DEGl of Yredelemnul (D:7)
  Joseph (D:8)
  A torpor snail (Lair:6)
  16 spiny frogs
  8 komodo dragons
  A minotaur zombie (Gauntlet)
  7 rime drakes
  2 polar bears
  Prince Ribbit (D:8)
  19 blink frogs
  11 hippogriffs
  2 spectral dream sheep (Lair:5)
  A spectral black mamba (Lair:5)
  4 shadows (Gauntlet)
  A redback (Lair:4)
  A spriggan (D:7)
  3 wyverns
  39 yaks
  9 basilisks
  A steam dragon (D:8)
  Menkaure (D:7)
  5 swamp worms (Lair:4)
  12 water moccasins
  7 porcupines
  3 orc warriors
  2 necrophages (D:8)
  A phantom (D:4)
  2 sky beasts
  4 ogres
  26 wolves
  17 crocodiles
  7 big kobolds
  11 bullfrogs
  3 scorpions
  3 wights (D:8)
  9 killer bees
  A howler monkey (D:6)
  3 crimson imps
  2 hounds
  3 centaur zombies
  A jelly (Gauntlet)
  2 orc priests (D:8)
  Crazy Yiuf (D:4)
  9 orc wizards
  Jessica (D:2)
  8 iguanas
  4 worker ants
  A hound skeleton (D:8)
  A mummy (D:8)
  2 worker ant zombies (D:8)
  2 gnolls (Bailey)
  9 adders
  2 river rats
  2 adder zombies
  7 oozes
  An adder skeleton (D:6)
  4 worms
  2 dart slugs (D:3)
  7 leopard geckos
  32 orcs
  3 giant cockroaches
  13 goblins
  10 hobgoblins
  11 jackals
  23 kobolds
  2 quokkas
  5 ball pythons
  4 bats
  6 frilled lizards
  9 rats
  A demonic plant (Gauntlet)
477 creatures vanquished.

Vanquished Creatures (collateral kills)
  A minotaur zombie (Gauntlet)
1 creature vanquished.

Vanquished Creatures (others)
  Erica (D:8)
  5 demonic plants (Gauntlet)
  17 fungi
  15 plants
  3 toadstools (D:1)
41 creatures vanquished.

Grand Total: 519 creatures vanquished

Notes
Turn   | Place    | Note
-------+----------+-------------------------------------------
     0 | D:1      | Vesto the Minotaur Fighter began the quest for the Orb.
     0 | D:1      | Reached XP level 1. HP: 19/19 MP: 0/0
   112 | D:2      | Reached XP level 2. HP: 20/27 MP: 1/1
   192 | D:2      | Noticed Jessica
   425 | D:4      | Noticed a phantom
   438 | D:4      | Reached XP level 3. HP: 23/33 MP: 1/3
   459 | D:4      | Killed a phantom
   459 | D:4      | Reached skill level 4 in Fighting
   459 | D:4      | Reached skill level 1 in Throwing
   459 | D:4      | Reached skill level 1 in Dodging
   459 | D:4      | Reached skill level 1 in Spellcasting
   459 | D:4      | Reached XP level 4. HP: 28/41 MP: 4/4
   489 | D:5      | Entered Level 5 of the Dungeon
   493 | D:5      | Found a staircase to the Ecumenical Temple.
   518 | Temple   | Entered the Ecumenical Temple
   825 | Temple   | Became a worshipper of Warmaster Okawaru
   916 | D:5      | Reached XP level 5. HP: 41/47 MP: 5/5
   929 | D:5      | Found a glowing drain.
   933 | Sewer    | Entered a sewer
  1197 | Sewer    | Reached XP level 6. HP: 55/55 MP: 7/7
  1219 | Sewer    | Reached skill level 5 in Fighting
  1298 | Sewer    | Reached * piety under Okawaru
  1435 | Sewer    | Reached XP level 7. HP: 58/61 MP: 9/9
  1617 | D:4      | Reached skill level 5 in Long Blades
  1720 | D:2      | Killed Jessica
  1796 | D:1      | Reached ** piety under Okawaru
  2416 | D:2      | Found a faded altar of an unknown god.
  2559 | D:2      | Reached skill level 5 in Armour
  3114 | D:3      | Reached skill level 6 in Fighting
  3522 | D:4      | Found a runed translucent door.
  3523 | D:4      | Noticed Crazy Yiuf
  3630 | D:4      | Reached XP level 8. HP: 70/70 MP: 9/11
  3725 | D:4      | Found an ornate altar of the Wu Jian Council.
  3855 | D:4      | Killed Crazy Yiuf
  4431 | D:6      | Found Pitur's Antique Armour Shop.
  4435 | D:6      | Noticed Pikel
  4473 | D:6      | Killed Pikel
  4473 | D:6      | Reached skill level 7 in Fighting
  4473 | D:6      | Reached skill level 1 in Invocations
  4653 | D:7      | You fall through a shaft for 2 floors!
  4708 | D:7      | Reached *** piety under Okawaru
  4712 | D:7      | Reached XP level 9. HP: 38/80 MP: 10/12
  4744 | D:7      | Found a transporter.
  4745 | D:7      | Noticed IsvaffelMax's ghost (novice DEGl)
  4745 | D:7      | Identified the +7 dire flail "Ykilul" {antimagic, rF+}
  4745 | D:7      | Noticed a two-headed ogre
  4755 | D:7      | Found a transporter.
  4825 | D:7      | Found a flagged portal.
  4841 | Bailey   | Entered a bailey
  4915 | Bailey   | Noticed an orc warlord
  5043 | Bailey   | Reached skill level 8 in Fighting
  5173 | Bailey   | Found a runed translucent gate.
  5173 | Bailey   | Found a runed translucent gate.
  5173 | Bailey   | Found a runed translucent gate.
  5195 | Bailey   | Noticed an orc knight
  5220 | Bailey   | Killed an orc knight
  5486 | Bailey   | Killed an orc warlord
  5486 | Bailey   | Reached **** piety under Okawaru
  5486 | Bailey   | Received a gift from Okawaru
  5486 | Bailey   | Reached ***** piety under Okawaru
  5486 | Bailey   | Reached skill level 9 in Fighting
  5486 | Bailey   | Reached XP level 10. HP: 62/92 MP: 11/13
  5494 | Bailey   | Received a gift from Okawaru
  5640 | D:8      | Noticed Prince Ribbit
  5779 | D:6      | Bought a runed hat for 189 gold pieces
  6371 | D:7      | Noticed Menkaure
  6375 | D:7      | Killed Menkaure
  6472 | D:7      | Reached skill level 10 in Fighting
  6731 | D:7      | Killed a two-headed ogre
  6735 | D:7      | Killed IsvaffelMax's ghost
  6735 | D:7      | Reached skill level 10 in Long Blades
  6802 | D:7      | Identified a scroll of acquirement
  6850 | D:8      | Killed Prince Ribbit
  7012 | D:8      | Reached skill level 1 in Maces & Flails
  7012 | D:8      | Noticed Erica
  7027 | D:8      | Noticed Joseph
  7030 | D:8      | Killed Erica
  7030 | D:8      | Reached skill level 11 in Fighting
  7030 | D:8      | Reached skill level 5 in Invocations
  7030 | D:8      | Reached skill level 1 in Evocations
  7045 | D:8      | Killed Joseph
  7156 | D:8      | Found a staircase to the Lair.
  7195 | D:8      | Reached XP level 11. HP: 90/100 MP: 14/14
  7221 | D:8      | Learned a level 2 spell: Blink
  7276 | D:8      | Noticed Gastronok
  7295 | D:8      | Killed Gastronok
  7295 | D:8      | Received a gift from Okawaru
  7593 | Lair:1   | Entered Level 1 of the Lair of Beasts
  7621 | Lair:1   | Reached skill level 1 in Translocations
  7681 | Lair:1   | Found a gate leading to a gauntlet.
  7691 | Gauntlet | Entered a Gauntlet
  7691 | Gauntlet | Found a large runed translucent door.
  7691 | Gauntlet | Found a large runed translucent door.
  7691 | Gauntlet | Found a large runed translucent door.
  7691 | Gauntlet | Found a large runed translucent door.
  7691 | Gauntlet | Found a runed translucent door.
  7691 | Gauntlet | Found a large runed translucent door.
  7691 | Gauntlet | Found a large runed translucent door.
  7691 | Gauntlet | Found a transporter.
  7691 | Gauntlet | Found a transporter.
  7691 | Gauntlet | Found a large runed translucent door.
  7691 | Gauntlet | Found a large runed translucent door.
  7691 | Gauntlet | Found a runed translucent gate.
  7691 | Gauntlet | Found a runed translucent gate.
  7691 | Gauntlet | Found a transporter.
  7707 | Gauntlet | Found a transporter.
  7711 | Gauntlet | Found a transporter.
  7725 | Gauntlet | Found a transporter.
  7725 | Gauntlet | Found a transporter.
  7734 | Gauntlet | Noticed a death drake
  7735 | Gauntlet | Found a transporter.
  7757 | Gauntlet | Found a transporter.
  7776 | Gauntlet | Found a transporter.
  7780 | Gauntlet | Found a transporter.
  7790 | Gauntlet | Found a transporter.
  7796 | Gauntlet | Found a runed translucent gate.
  7797 | Gauntlet | Found a large runed translucent door.
  7797 | Gauntlet | Found a large runed translucent door.
  7798 | Gauntlet | Found a large runed translucent door.
  7799 | Gauntlet | Found a large runed translucent door.
  7800 | Gauntlet | Found a large runed translucent door.
  7800 | Gauntlet | Found a large runed translucent door.
  7800 | Gauntlet | Found a runed translucent door.
  7801 | Gauntlet | Found a large runed translucent door.
  7802 | Gauntlet | Found a large runed translucent door.
  7914 | Gauntlet | Reached skill level 12 in Fighting
  7919 | Gauntlet | Reached skill level 5 in Spellcasting
  7919 | Gauntlet | Reached XP level 12. HP: 47/106 MP: 13/18
  8275 | Gauntlet | Noticed a minotaur
  8286 | Gauntlet | Killed a minotaur
  8349 | Gauntlet | Received a gift from Okawaru
  8565 | Lair:1   | Reached XP level 13. HP: 94/119 MP: 19/19
  8645 | Lair:1   | Received a gift from Okawaru
  9332 | Lair:2   | Reached skill level 5 in Maces & Flails
 10317 | Lair:3   | Reached skill level 13 in Fighting
 10795 | Lair:4   | Reached skill level 10 in Armour
 11142 | Lair:4   | Found a staircase to the Swamp.
 11252 | Lair:4   | Received a gift from Okawaru
 11604 | Lair:4   | Reached skill level 5 in Evocations
 11668 | Lair:4   | Noticed Urug
 11680 | Lair:4   | Killed Urug
 11941 | Lair:4   | Found a hole to the Spider Nest.
 12365 | Lair:5   | Received a gift from Okawaru
 12365 | Lair:5   | Reached XP level 14. HP: 113/130 MP: 20/20
 12378 | Lair:5   | Reached skill level 14 in Fighting
 12518 | Lair:5   | Found a viscous altar of Jiyva.
 12518 | Lair:5   | Found a staircase to the Slime Pits.
 12521 | Lair:6   | Entered Level 6 of the Lair of Beasts
 13172 | Lair:5   | Found a runed translucent gate.
 13172 | Lair:5   | Found a runed translucent gate.
 13173 | Lair:5   | Found a runed translucent gate.
 13180 | Lair:5   | Noticed martbhell's ghost (journeyman MiBe)
 13630 | Lair:5   | Killed martbhell's ghost
 14842 | Lair:6   | Received a gift from Okawaru
 14842 | Lair:6   | Reached skill level 15 in Fighting
 15036 | Lair:6   | HP: 4/135 [barbs]
 15037 | Lair:6   | Succumbed to barbed spike wounds

Skill      XL: |  1  2  3  4  5  6  7  8  9 10 11 12 13 14 |
---------------+-------------------------------------------+-----
Fighting       | 4 5 6 7 9 11 12 13 15 | 15.0
Long Blades    | 3 4 5 7 9 10 11 12 13 14 | 14.7
Throwing       | 1 2 3 |  3.3
Armour         | 4 5 6 7 8 9 10 11 | 11.4
Dodging        | 1 2 3 4 |  4.0
Shields        | 4 |  4.0
Spellcasting   | 1 2 3 5 |  5.0
Invocations    | 1 3 5 6 7 8 |  8.5
Maces & Flails | 2 4 6 8 |  8.0
Evocations     | 1 2 3 5 6 |  6.2
Translocations | 1 2 |  2.0
Hexes          | 3 |  3.8

Action                   |  1- 3 |  4- 6 |  7- 9 | 10-12 | 13-15 || total
-------------------------+-------+-------+-------+-------+-------++-------
Melee: Long sword        |    58 |   125 |   369 |   124 |       ||   676
       Headbutt          |     7 |    23 |    56 |    87 |   169 ||   342
       Falchion          |       |       |       |    69 |       ||    69
       Scimitar          |       |       |       |   157 |   744 ||   901
       Punch             |       |       |       |     1 |       ||     1
Throw: Tomahawk          |       |       |    16 |       |     4 ||    20
Invok: Heroism           |       |       |     4 |    12 |    24 ||    40
       Finesse           |       |       |       |     2 |     2 ||     4
Evoke: Wand              |       |       |     6 |     3 |     1 ||    10
  Use: Scroll            |       |     2 |     2 |    15 |     6 ||    25
       Potion            |       |       |     5 |     8 |     9 ||    22
 Stab: Confused          |       |       |       |     1 |       ||     1
       Distracted        |       |       |       |     1 |     1 ||     2
       Invisible         |       |       |       |       |     1 ||     1
       Sleeping          |       |       |       |       |     1 ||     1
  Eat: Chunk             |       |     2 |    14 |     4 |    20 ||    40
       Ration            |       |       |       |     2 |       ||     2
Armor: Scale mail        |    22 |    43 |   129 |    13 |       ||   207
       Skin              |       |       |     9 |       |       ||     9
       Chain mail        |       |       |       |    42 |       ||    42
       Steam dragon scal |       |       |       |    60 |   255 ||   315
Dodge: Dodged            |    19 |    43 |   145 |   106 |   351 ||   664
Block: Shield            |    33 |    50 |   212 |    10 |       ||   305
       Large shield      |       |       |       |    65 |       ||    65
       Buckler           |       |       |       |    40 |   245 ||   285
       Rpst.: Long sword |     3 |    11 |    33 |     7 |       ||    54
       Falchion          |       |       |       |     7 |       ||     7
       Scimitar          |       |       |       |    20 |    83 ||   103
